AoeStats
← harooooo

QS Arena

503266716Analyzed
4v4 RM · 1mo ago on Aug 30, 2026· 21m 10s· 8 players
Game mode
Random Map
Map size
Large (8 player)
Population
200
Speed
Normal
Resources
Standard
Victory
Conquest
Starting age
Dark Age
Ending age
Imperial Age
RankedLock teamsTeams togetherTeam positionsShared explorationLock speedFull tech treeHidden civsTurbo modeCheats
Victory
Defeat
🇭🇷 Malians · Croatia
1586
+13
🇷🇸 Japanese · Serbia
1569
+14
🇧🇦 Spanish · Bosnia & Herzegovina
1564
+14
🇧🇦 Wei · Bosnia & Herzegovina
1511
+17
🇨🇱 Khitans · Chile
1633
-19
🇨🇱 Dravidians · Chile
1549
-16
🇨🇱 Huns · Chile
1498
-13
🇨🇱 Khmer · Chile
1434
-11
[CL] Espaiku
8:51 Feudal Age
12:48 Castle Age
10:42 Double-Bit Axe
11:23 Horse Collar
15:43 Bow Saw
19:07 Wheelbarrow
18:23 Loom
19:54 Town Watch
EzZe
7:38 Feudal Age
11:40 Castle Age
10:07 Loom
10:11 Double-Bit Axe
10:47 Horse Collar
12:46 Bow Saw
13:12 Heavy Plow
13:16 Town Watch
18:03 Fortified Wall
19:36 Gold Mining
20:27 Wheelbarrow
20:40 Stone Mining
[CL] Dubstepyzed
8:39 Feudal Age
9:03 Loom
12:24 Castle Age
10:45 Double-Bit Axe
10:52 Domestication
12:45 Forging
13:30 Husbandry
14:29 Bow Saw
15:49 Wheelbarrow
17:30 Light Cavalry
19:10 Scale Barding Armor
J40 | Berto
7:59 Feudal Age
11:40 Castle Age
10:03 Double-Bit Axe
10:11 Horse Collar
14:18 Loom
Pitlja
8:18 Feudal Age
11:56 Castle Age
10:20 Double-Bit Axe
10:46 Horse Collar
12:47 Bow Saw
13:26 Heavy Plow
17:34 Loom
19:28 Wheelbarrow
18:54 Gold Mining
19:06 Stone Mining
20:30 Town Watch
21:48 Gold Shaft Mining
21:50 Stone Shaft Mining
Jimmy
7:52 Feudal Age
11:35 Castle Age
11:07 Loom
16:31 Scale Mail Armor
harooooo
7:19 Feudal Age
11:54 Castle Age
11:00 Double-Bit Axe
11:34 Horse Collar
20:37 Wheelbarrow
Ceki
8:30 Feudal Age
12:30 Castle Age
10:41 Horse Collar
11:18 Double-Bit Axe
13:28 Bow Saw
14:41 Heavy Plow
18:57 Wheelbarrow
19:02 Gold Mining
20:20 Stone Mining
21:25 Gold Shaft Mining
Connection lost

Rejoining the realm…

Still unreachable

The connection could not be restored.

Session expired

The server has moved on; the page needs a fresh start.